 Dungeon Crawl Stone Soup version 0.17-a0-981-gf8a484a (webtiles) character file.

49 Jine the Cudgeler (level 3, 0/27 HPs)
             Began as a Demonspawn Gladiator on May 11, 2015.
             Succumbed to an adder's poison
             ... on level 2 of the Dungeon.
             The game lasted 00:05:46 (1231 turns).

Jine the Cudgeler (Demonspawn Gladiator)            Turns: 1231, Time: 00:05:46

Health: 0/27       AC:  5    Str: 16    XL:     3   Next: 53%
Magic:  3/3        EV: 18    Int:  9    God:
Gold:   93         SH:  0    Dex: 18    Spells: 0 memorised, 2 levels left

rFire  + . .     SeeInvis .     a - +0 flail
rCold  . . .     Clarity  +     b - +0 leather armour
rNeg   . . .     SustAb   .     (no shield)
rPois  .         Gourm    .     c - +0 helmet
rElec  .         Spirit   .     (no cloak)
rCorr  .         Warding  .     (no gloves)
rMut   .         Stasis   .     (no boots)
MR     .....                    (no amulet)
Stlth  ++........               t - ring of fire
                                l - ring of invisibility

@: agile, lethally poisoned (0 -> -2), not resistant to hostile enchantments,
unstealthy
A: molten scales 1, clarity, cold resistance 1, mutation resistance 1
a: Evoke Invisibility


You were on level 2 of the Dungeon.
You were not hungry.

You visited 1 branch of the dungeon, and saw 2 of its levels.

You collected 93 gold pieces.

Inventory:

Hand weapons
 a - a +0 flail (weapon)
 g - a +0 whip
 h - a +0 spear
 i - a +0 whip
Missiles
 d - 4 throwing nets (quivered)
Armour
 b - a +0 leather armour (worn)
 c - a +0 helmet (worn)
 k - a cursed +0 pair of boots
 m - a +0 robe
Jewellery
 l - a ring of invisibility (left hand)
 t - a ring of fire (right hand)
Scrolls
 f - a scroll of enchant armour {unknown}
 j - a scroll of fog {unknown}
 o - a scroll of remove curse {unknown}
 p - a scroll of identify {unknown}
 r - a scroll of fear {unknown}
Comestibles
 e - a bread ration
 s - a slice of pizza


   Skills:
 + Level 2.2 Fighting
 + Level 3.3 Maces & Flails
 + Level 1.8 Throwing
 + Level 1.0 Armour
 + Level 3.1 Dodging


You had 2 spell levels left.
You didn't know any spells.

Dungeon Overview and Level Annotations

Branches:
Dungeon (2/15)

Altars:


Innate Abilities, Weirdness & Mutations

You are partially covered in molten scales (AC +1).
You possess an exceptional clarity of mind.
Your flesh is cold resistant.
You are somewhat resistant to further mutation.


Message History

It was a potion of mutation.
You feel extremely strange.
You feel resistant to cold.
You feel genetically stable.
Your thoughts seem clearer.
It was a potion of agility.
You feel agile all of a sudden.
* * * LOW HITPOINT WARNING * * *
You feel sick.
* * * LOW HITPOINT WARNING * * *
You feel sick.
* * * LOW HITPOINT WARNING * * *
You feel sick.
* * * LOW HITPOINT WARNING * * *
You feel sick.
* * * LOW HITPOINT WARNING * * *
You feel sick.
* * * LOW HITPOINT WARNING * * *
You feel sick.
* * * LOW HITPOINT WARNING * * *
You feel sick.
You die...

.....##.#.#
#.....#.#
##....#.#####
#.....†....#
#...........#
.....##.......#
#..###........#
####..........#
.......@......#
#####.........#
...)........#
#####+##.#####
#.# #.# #.#


There were no monsters in sight!

Vanquished Creatures
  A gnoll (D:1)
  An adder (D:2)
  A worm (D:2)
  A giant gecko (D:1)
  A giant cockroach (D:2)
  6 goblins
  A hobgoblin (D:1)
  4 kobolds
  4 bats
  4 giant newts
  4 rats
28 creatures vanquished.

Notes
Turn   | Place    | Note
--------------------------------------------------------------
     0 | D:1      | Jine, the Demonspawn Gladiator, began the quest for the Orb.
     0 | D:1      | Reached XP level 1. HP: 16/16 MP: 1/1
   112 | D:1      | Reached skill level 3 in Dodging
   112 | D:1      | Gained mutation: You are partially covered in molten scales (AC +1). [demonic ancestry]
   112 | D:1      | Reached XP level 2. HP: 2/22 MP: 2/2
   987 | D:1      | Reached XP level 3. HP: 24/27 MP: 3/3
  1136 | D:2      | Reached skill level 1 in Armour
  1208 | D:2      | Gained mutation: Your flesh is cold resistant. [potion of mutation]
  1208 | D:2      | Gained mutation: You are somewhat resistant to further mutation. [potion of mutation]
  1208 | D:2      | Gained mutation: You possess an exceptional clarity of mind. [potion of mutation]
  1223 | D:2      | HP: 1/27 [poisoned by an adder]
  1231 | D:2      | Succumbed to an adder's poison

Vault maps used:
D:1:      elethiomel_arrival_infinity_welcomes_careful_drivers, serial_bayou,
          serial_bayou_lake_a, serial_bayou_pond_e, serial_bayou_pond_a,
          serial_bayou_shore_b, minmay_misc_feat_chi
D:2:      minmay_misc_feat_room, minmay_misc_feat_iff, minmay_quantized

Action                   || total
-------------------------++-------
Melee: Flail             ||    93
  Use: Potion            ||     3
  Eat: Bread ration      ||     1
